[Event "*** MasterClass Titled Tuesday Blitz"]
[Site "Chess.com"]
[Date "2017.07.04"]
[Round "1"]
[White "LonesomeGeorge1"]
[Black "Malev212"]
[Result "0-1"]
[WhiteElo "2253"]
[BlackElo "2514"]
[TimeControl "180+2"]
[EndTime "13:01:43 PDT"]
[Termination "Malev212 won by resignation"]

1. e4 g6 2. d4 Bg7 3. Nc3 c6 4. Nf3 d5 5. h3 Nh6 6. Bd3 O-O 7. Bf4 f6 8. Qd2 Nf7 9. O-O-O e5 10. dxe5 fxe5 11. Bg3 Bh6 0-1

[Event "*** MasterClass Titled Tuesday Blitz"]
[Site "Chess.com"]
[Date "2017.07.04"]
[Round "1"]
[White "Witik"]
[Black "amurdercastle"]
[Result "1-0"]
[WhiteElo "2545"]
[BlackElo "2271"]
[TimeControl "180+2"]
[EndTime "13:02:43 PDT"]
[Termination "Witik won by resignation"]

1. d4 d5 2. Bf4 Nf6 3. e3 c5 4. c3 Nc6 5. Nd2 e6 6. Bd3 Bd6 7. Bxd6 Qxd6 8. f4 b6 9. Ngf3 Bb7 10. Ne5 Ne7 11. Qa4+ Nd7 12. Bb5 Rd8 13. Bxd7+ Rxd7 14. Qxd7+ Qxd7 15. Nxd7 Kxd7 16. Kf2 1-0

[Event "*** MasterClass Titled Tuesday Blitz"]
[Site "Chess.com"]
[Date "2017.07.04"]
[Round "1"]
[White "FLchessplayer"]
[Black "IljaZaragatski"]
[Result "0-1"]
[WhiteElo "2055"]
[BlackElo "2409"]
[TimeControl "180+2"]
[EndTime "13:02:56 PDT"]
[Termination "IljaZaragatski won by resignation"]

1. Nf3 f5 2. d3 d6 3. Nbd2 Nf6 4. e4 e5 5. g3 Nc6 6. Bg2 Be7 7. c3 O-O 8. Qc2 Kh8 9. O-O Bd7 10. a3 Qe8 11.
Qd1 Qh5 12. exf5 Bxf5 13. d4 Bg4 14. Qb3 e4 15. Ne1 Be2 16. Qxb7 Na5 17. Qxc7 Rae8 18. Qxa5 Qxa5 0-1

[Event "*** MasterClass Titled Tuesday Blitz"]
[Site "Chess.com"]
[Date "2017.07.04"]
[Round "1"]
[White "latigre"]
[Black "Zhani-Z"]
[Result "0-1"]
[WhiteElo "1738"]
[BlackElo "2353"]
[TimeControl "180+2"]
[EndTime "13:03:20 PDT"]
[Termination "Zhani-Z won by resignation"]

1. e4 c5 2. Nc3 a6 3. f4 e6 4. Nf3 Nc6 5. a4 d5 6. d3 dxe4 7. dxe4 Qxd1+ 8. Nxd1 Nf6 9. Nf2 Nb4 10. Bd3 c4 11. Bxc4 Nxc2+ 12. Kd1 Nxa1 13. Be3 Bd7 14. a5 Rc8 15. b3 Bb5 16. Nd2 Bxc4 17. bxc4 Bb4 18.
Ke2 Bxd2 0-1

[Event "*** MasterClass Titled Tuesday Blitz"]
[Site "Chess.com"]
[Date "2017.07.04"]
[Round "1"]
[White "MarshKnight"]
[Black "x-3738459472"]
[Result "0-1"]
[WhiteElo "2169"]
[BlackElo "2450"]
[TimeControl "180+2"]
[EndTime "13:03:36 PDT"]
[Termination "x-3738459472 won by checkmate"]

1. e4 c5 2. Nf3 Nc6 3. d4 cxd4 4. Nxd4 e5 5. Nb5 d6 6. N1c3 a6 7. Na3 b5 8. Nd5 Nge7 9. c4 Nd4 10. cxb5 Nxd5 11.
exd5 Be7 12. Bd3 O-O 13. O-O f5 14. Be3 Nxb5 15. Nxb5 axb5 16. Bxb5 f4 17. Bd2 f3 18.
Re1 fxg2 19. Bd3 Bh4 20. Be3 Qf6 21. Qe2 Ra4 22. Bxh7+ Kxh7 23. Qc2+ Kg8 24. Qxa4 Bxf2+ 25. Kxg2 Qf3+ 26. Kf1 Bxe3# 0-1

[Event "*** MasterClass Titled Tuesday Blitz"]
[Site "Chess.com"]
[Date "2017.07.04"]
[Round "1"]
[White "Grootneus"]
[Black "Aguiar94"]
[Result "0-1"]
[WhiteElo "2084"]
[BlackElo "2411"]
[TimeControl "180+2"]
[EndTime "13:03:50 PDT"]
[Termination "Aguiar94 won by checkmate"]

1. e4 c5 2. b4 cxb4 3. a3 bxa3 4. d4 d5 5. e5 Nc6 6. Bxa3 Nh6 7. Be2 Qb6 8. Bc5 Qc7 9. f4 b6 10. Ba3 Bf5 11. Nf3 Be4 12. O-O Nf5 13. e6 fxe6 14. Bb5 a6 15. Bxc6+ Qxc6 16. Ne5 Qxc2 17. Qh5+ g6 18. Nxg6 Qxg2# 0-1

[Event "*** MasterClass Titled Tuesday Blitz"]
[Site "Chess.com"]
[Date "2017.07.04"]
[Round "1"]
[White "rithwik2002"]
[Black "Rokis13"]
[Result "0-1"]
[WhiteElo "1786"]
[BlackElo "2358"]
[TimeControl "180+2"]
[EndTime "13:04:07 PDT"]
[Termination "Rokis13 won by resignation"]

1. d4 Nf6 2. c4 e6 3. Nc3 Bb4 4.
e3 O-O 5. Bd3 d6 6. Nf3 Qe7 7. a3 Bxc3+ 8. bxc3 e5 9. Nd2 Nc6 10.
O-O Bg4 11. f3 exd4 12. e4 dxc3 13. fxg4 cxd2 14. Bxd2 Ne5 15. Be2 Nxe4 16. Bf4 Nc3 17. Qc2 Nxe2+ 18. Qxe2 Rfe8 19. Rfe1 Qe6 20. Rab1 b6 21.
Bxe5 Qxe5 22. Qf3 Qc5+ 23. Kf1 Qxc4+ 0-1

[Event "*** MasterClass Titled Tuesday Blitz"]
[Site "Chess.com"]
[Date "2017.07.04"]
[Round "1"]
[White "BigMak2500"]
[Black "jeaston1"]
[Result "0-1"]
[WhiteElo "2384"]
[BlackElo "2045"]
[TimeControl "180+2"]
[EndTime "13:04:14 PDT"]
[Termination "jeaston1 won by resignation"]

1. e4 c5 2. Nf3 Nc6 3. d4 cxd4 4. Nxd4 Nf6 5. Nc3 e5 6. Ndb5 d6 7. Bg5 a6 8. Na3 b5 9. Nd5 Be7 10. Bxf6 Bxf6 11. c3 O-O 12. Nc2 Rb8 13. a4 bxa4 14. Ncb4 Nxb4 15. Nxb4 Bb7 16. Bd3 a5 17. Nd5 Bxd5 18.
exd5 Rxb2 19. Qxa4 e4 20. Bxe4 Bxc3+ 21. Kf1 Qb6 22. Bc2 Rxc2 23. Qxc2 Bxa1 24. g3 Qc5 25.
Kg2 Qxc2 0-1

[Event "*** MasterClass Titled Tuesday Blitz"]
[Site "Chess.com"]
[Date "2017.07.04"]
[Round "1"]
[White "yurisolo"]
[Black "Ilja_Semjonovs"]
[Result "1-0"]
[WhiteElo "2529"]
[BlackElo "2261"]
[TimeControl "180+2"]
[EndTime "13:04:20 PDT"]
[Termination "yurisolo won by resignation"]

1. e3 c5 2. Nf3 Nf6 3. d4 e6 4. Bd3 b6 5. c4 Bb7 6. Nc3 cxd4 7.
exd4 d5 8. cxd5 Nxd5 9. Ne5 Nd7 10. Bb5 Nf6 11. Bg5 Bc8 12. Qf3 a6 13. Qxa8 axb5 14. Nc6 Qc7 15. Nxb5 1-0

[Event "*** MasterClass Titled Tuesday Blitz"]
[Site "Chess.com"]
[Date "2017.07.04"]
[Round "1"]
[White "Alliswell998"]
[Black "Muisback26"]
[Result "0-1"]
[WhiteElo "2299"]
[BlackElo "2584"]
[TimeControl "180+2"]
[EndTime "13:04:23 PDT"]
[Termination "Muisback26 won by resignation"]

1. e4 c5 2. Nf3 Nc6 3. d4 cxd4 4. Nxd4 g6 5. Nc3 Bg7 6. Be3 Nf6 7. Bc4 O-O 8. f3 d6 9. Qd2 Bd7 10. h4 h5 11. Bb3 Rc8 12. O-O-O Ne5 13. Kb1 Re8 14. Bg5 Rc5 15. g4 hxg4 16. h5 Nxh5 17. Nd5 Rxd5 18.
Bxd5 Qb6 19. fxg4 Bxg4 20. Rdf1 Nf3 21. Rxf3 Bxf3 22. Rf1 e6 23. Bb3 Bxe4 24. Ne2 a5 25. a4 Qxb3 0-1

[Event "*** MasterClass Titled Tuesday Blitz"]
[Site "Chess.com"]
[Date "2017.07.04"]
[Round "1"]
[White "Spartakus1975"]
[Black "ChessNinja48"]
[Result "1-0"]
[WhiteElo "2562"]
[BlackElo "2294"]
[TimeControl "180+2"]
[EndTime "13:04:28 PDT"]
[Termination "Spartakus1975 won by resignation"]

1. e4 e5 2. Nf3 Nc6 3. Bb5 a6 4. Bxc6 dxc6 5. O-O f6 6. d4 exd4 7. Nxd4 c5 8. Ne2 Qxd1 9. Rxd1 Bd7 10. Be3 O-O-O 11.
Nbc3 Bd6 12. Bf4 Be5 13. Bxe5 fxe5 14. Rd5 Re8 15. Rad1 Bc6 16. Rxc5 Nf6 17. f3 g5 18.
Nd5 Nh5 19. Ng3 Nxg3 20. hxg3 g4 21. Nf6 1-0

[Event "*** MasterClass Titled Tuesday Blitz"]
[Site "Chess.com"]
[Date "2017.07.04"]
[Round "1"]
[White "dalmatinac101"]
[Black "Winehouse83"]
[Result "1-0"]
[WhiteElo "2576"]
[BlackElo "2297"]
[TimeControl "180+2"]
[EndTime "13:05:12 PDT"]
[Termination "dalmatinac101 won by resignation"]

1. e4 e5 2. Nf3 Nc6 3. Bb5 a6 4.
Ba4 Nf6 5. O-O b5 6. Bb3 Bc5 7. c3 d6 8. d4 Bb6 9. a4 Rb8 10. a5 Nxa5 11. Rxa5 Bxa5 12. dxe5 dxe5 13. Qxd8+ Kxd8 14. Nxe5 Be6 15. Bxe6 fxe6 16. Nc6+ Kd7 17. Nxa5 Nxe4 18.
Nd2 Nxd2 19. Bxd2 Rhf8 20. Be3 Rf5 21. b4 Rd5 22. Nb3 Ra8 23. Ra1 Ke7 24. Kf1 Kf7 25. Ke2 Rd6 26. Nc5 Rc6 27. f4 h6 28. h4 Kf6 29.
Bd4+ Kf7 30. g4 g6 31. Kf3 Kg8 32. Nd7 Rd6 33. Ne5 Kh7 34. Ke4 Rf8 35. Bc5 Rfd8 1-0

[Event "*** MasterClass Titled Tuesday Blitz"]
[Site "Chess.com"]
[Date "2017.07.04"]
[Round "1"]
[White "fidetrainerNET"]
[Black "Tonychess32"]
[Result "0-1"]
[WhiteElo "2123"]
[BlackElo "2431"]
[TimeControl "180+2"]
[EndTime "13:05:15 PDT"]
[Termination "Tonychess32 won by resignation"]

1. e4 e5 2. Nf3 Nc6 3. Bb5 a6 4. Bxc6 dxc6 5. O-O f6 6. d4 exd4 7. Nxd4 c5 8. Nb3 Qxd1 9. Rxd1 Bd7 10. Nc3 O-O-O 11.
Bf4 Bc6 12. f3 Rxd1+ 13. Rxd1 g5 14. Bg3 b6 15. Nd5 Bxd5 16. Rxd5 Ne7 17. Rd1 Bg7 18.
Nd2 Ng6 19. Nc4 h5 20. h3 h4 21. Bh2 Rf8 22. Ne3 Ne7 23. b3 f5 24. exf5 Nxf5 25.
Nxf5 Rxf5 26. Kf2 Bd4+ 27. Ke2 b5 28. Kd3 Rd5 29. Ke4 Rd8 30. Kf5 Rf8+ 31. Kxg5 Rg8+ 32. Kxh4 Rxg2 33. Bf4 Rxc2 34. a4 Rb2 35. Rd3 b4 36. Kg5 Bc3 37. h4 Rxb3 38. Kg6 Rb1 39. h5 Rg1+ 40.
Bg5 c4 41. Rd5 b3 42. h6 b2 43. Rd8+ Kb7 0-1

[Event "*** MasterClass Titled Tuesday Blitz"]
[Site "Chess.com"]
[Date "2017.07.04"]
[Round "1"]
[White "Al_Shima"]
[Black "angieflynn"]
[Result "1-0"]
[WhiteElo "2356"]
[BlackElo "1759"]
[TimeControl "180+2"]
[EndTime "13:05:25 PDT"]
[Termination "Al_Shima won by resignation"]

1. b3 e5 2. Bb2 Nc6 3. e3 b6 4. Bb5 Bb7 5. Nf3 d6 6. d4 e4 7. d5 exf3 8. dxc6 Bc8 9. Qxf3 Be6 10. Nc3 Nf6 11. h3 a6 12. Bd3 d5 13. e4 Bb4 14.
O-O-O Qd6 15. Nxd5 Nxd5 16. exd5 Bxd5 17. Be4 Bxe4 18. Qxe4+ Qe7 19. Qxe7+ Kxe7 20. Bxg7 Rhg8 21. Be5 Rxg2 22. Bg3 Rd8 23. Bh4+ 1-0

[Event "*** MasterClass Titled Tuesday Blitz"]
[Site "Chess.com"]
[Date "2017.07.04"]
[Round "1"]
[White "SovietCitizen"]
[Black "Indianlad"]
[Result "0-1"]
[WhiteElo "2255"]
[BlackElo "2515"]
[TimeControl "180+2"]
[EndTime "13:05:30 PDT"]
[Termination "Indianlad won by resignation"]

1. d4 Nf6 2. Bg5 Ne4 3. Bf4 d5 4. e3 Bf5 5. Nc3 e6 6. Nf3 Bb4 7. Bd3 Nxc3 8. Qd2 Bxd3 9. bxc3 Be4 10. cxb4 Bxf3 11. gxf3 O-O 12. Rg1 Re8 13. O-O-O Nd7 14. e4 a5 15. Kb1 Nb6 16. Be5 f6 17. Rxg7+ Kxg7 18. Bxf6+ Qxf6 0-1

[Event "*** MasterClass Titled Tuesday Blitz"]
[Site "Chess.com"]
[Date "2017.07.04"]
[Round "1"]
[White "ChessQueen"]
[Black "stalyansky"]
[Result "1-0"]
[WhiteElo "2509"]
[BlackElo "2247"]
[TimeControl "180+2"]
[EndTime "13:05:49 PDT"]
[Termination "ChessQueen won by resignation"]

1. e4 e5 2. Nf3 Nc6 3. Bb5 a6 4. Ba4 d6 5. O-O Bd7 6. c4 g6 7.
d4 Bg7 8. Bg5 f6 9. Be3 Nh6 10.
c5 Nf7 11. cxd6 cxd6 12. dxe5 fxe5 13. Bb3 Bg4 14. Bxf7+ Kxf7 15. Qb3+ Ke8 16. Qxb7 Ne7 17. Nbd2 Rf8 18. Rac1 Rb8 19. Qxa6 Rxb2 20. Nc4 Bxf3 21. Nxb2 1-0

[Event "*** MasterClass Titled Tuesday Blitz"]
[Site "Chess.com"]
[Date "2017.07.04"]
[Round "1"]
[White "silverback96"]
[Black "vpantev"]
[Result "0-1"]
[WhiteElo "2105"]
[BlackElo "2422"]
[TimeControl "180+2"]
[EndTime "13:05:56 PDT"]
[Termination "vpantev won by resignation"]

1. Nf3 Nf6 2. g3 d5 3. Bg2 c6 4.
O-O Bf5 5. c4 e6 6. d4 Nbd7 7.
cxd5 exd5 8. Qb3 Qb6 9. Qe3+ Be7 10. Nh4 Be4 11. Bxe4 Nxe4 12. Nf5 Qd8 13. Nxg7+ Kf8 14. Qh6 Kg8 15. f3 Nxg3 16. hxg3 Bf8 17. Bg5 Bxg7 18. Qh4 f6 19. Bf4 Nf8 20. Qg4 h5 21. Qf5 Qc8 22.
Qd3 Kf7 23. e4 Ng6 24. Bd6 Qe6 25. Bb4 Qh3 26. Rf2 Qxg3+ 27. Rg2 Qxg2+ 28. Kxg2 Nf4+ 29. Kg3 Nxd3 30. Bc3 Bh6 31. Na3 Rag8+ 0-1

[Event "*** MasterClass Titled Tuesday Blitz"]
[Site "Chess.com"]
[Date "2017.07.04"]
[Round "1"]
[White "PlotnikovPavel"]
[Black "quesfr"]
[Result "1-0"]
[WhiteElo "2452"]
[BlackElo "2172"]
[TimeControl "180+2"]
[EndTime "13:05:58 PDT"]
[Termination "PlotnikovPavel won on time"]

1. d4 d5 2. Nf3 Nf6 3. c4 e6 4. e3 a6 5. cxd5 exd5 6. Nc3 c5 7. Be2 Nc6 8. O-O Bd6 9. a3 c4 10. b3 cxb3 11. Qxb3 O-O 12. a4 Bf5 13. Ba3 Na5 14. Qa2 Rc8 15. Rfc1 Nc4 16. Bxd6 Qxd6 17. a5 Be6 18. Bxc4 Rxc4 19. Na4 Rfc8 20. Rxc4 Rxc4 21. Ne5 Rb4 22. Nb6 h6 23. h3 Ne4 24. Rc1 Kh7 25. f3 Nf6 26. Qc2+ g6 27. Qc7 Qxc7 28. Rxc7 Rb5 29. Nxf7 1-0

[Event "*** MasterClass Titled Tuesday Blitz"]
[Site "Chess.com"]
[Date "2017.07.04"]
[Round "1"]
[White "Hikaru"]
[Black "ohusbands"]
[Result "1-0"]
[WhiteElo "2978"]
[BlackElo "2353"]
[TimeControl "180+2"]
[EndTime "13:05:59 PDT"]
[Termination "Hikaru won by resignation"]

1. Nf3 d5 2. e3 Nf6 3. d4 e6 4. c4 Be7 5. b3 O-O 6. Nbd2 b6 7. Bb2 Bb7 8. Bd3 a5 9. O-O a4 10. Qc2 Nc6 11. Bc3 Nb4 12. Bxb4 Bxb4 13. c5 bxc5 14. dxc5 Qe7 15. Rfc1 e5 16. c6 Ba6 17.
Bxa6 Rxa6 18. bxa4 Bd6 19. e4 Rfa8 20. exd5 Nxd5 21.
Qb3 Nf4 22. Re1 Rxa4 23. Nc4 Qe6 24. Nfd2 Qg4 25. g3 Ne2+ 26. Kg2 Nd4 27. Qd3 Rxa2 28.
Rxa2 Rxa2 29. Rb1 g6 30. Ne4 f5 31. Nf6+ 1-0

[Event "*** MasterClass Titled Tuesday Blitz"]
[Site "Chess.com"]
[Date "2017.07.04"]
[Round "1"]
[White "dhanushbharadwaj"]
[Black "DanielNaroditsky"]
[Result "0-1"]
[WhiteElo "2335"]
[BlackElo "2728"]
[TimeControl "180+2"]
[EndTime "13:06:01 PDT"]
[Termination "DanielNaroditsky won by resignation"]

1. Nf3 Nf6 2. c4 c5 3. Nc3 Nc6 4. g3 g6 5. Bg2 Bg7 6. O-O O-O 7. d4 cxd4 8. Nxd4 Qa5 9. e3 Qh5 10. Qxh5 Nxh5 11. Nd5 e6 12. Nc7 Rb8 13. Ndb5 a6 14.
Nd6 Be5 15. c5 b6 16. f4 Bg7 17. cxb6 Rxb6 18. Nc4 Rb4 19. Nd6 Bxb2 20. Bxb2 Rxb2 21. Bxc6 dxc6 22. Rfb1 Rd2 23. Nxc8 Rxc8 24. Nxa6 c5 25. Rb8 Rxb8 26. Nxb8 c4 27. Rc1 Nf6 28. Rxc4 Ng4 29. h3 Rd1+ 0-1

[Event "*** MasterClass Titled Tuesday Blitz"]
[Site "Chess.com"]
[Date "2017.07.04"]
[Round "1"]
[White "cstefan"]
[Black "JaimeSantosLatasa"]
[Result "1-0"]
[WhiteElo "2272"]
[BlackElo "2495"]
[TimeControl "180+2"]
[EndTime "13:06:22 PDT"]
[Termination "cstefan won by resignation"]

1. Nf3 d5 2. g3 Bg4 3. Bg2 Nd7 4. d3 e6 5. O-O Bd6 6. Qe1 Ne7 7. e4 c5 8. Nc3 O-O 9. a3 a6 10. h3 Bh5 11. exd5 Nxd5 12. Bd2 N5f6 13. Be3 Qc7 14. Nd2 Nb6 15. Nde4 Nxe4 16. Nxe4 Be7 17. Qa5 Rac8 18.
b4 Nd7 19. Rfb1 b5 20. Qxa6 Rb8 21. Qa5 Qxa5 22. bxa5 f5 23. Ng5 Bf6 24. Nxe6 Rfe8 25.
Nc7 Bxa1 26. Nxe8 Bc3 27. a6 Rxe8 28. a7 Nb6 29. Rxb5 Na8 30. Bd5+ Bf7 31. Bxa8 1-0

[Event "*** MasterClass Titled Tuesday Blitz"]
[Site "Chess.com"]
[Date "2017.07.04"]
[Round "1"]
[White "politeplayer"]
[Black "KNVB"]
[Result "0-1"]
[WhiteElo "2182"]
[BlackElo "2454"]
[TimeControl "180+2"]
[EndTime "13:06:23 PDT"]
[Termination "KNVB won by checkmate"]

1. e4 e6 2. Nf3 d5 3. exd5 exd5 4.
d4 Bd6 5. Bd3 Ne7 6. O-O Bg4 7.
Re1 Nc6 8. c3 Qd7 9. Nbd2 O-O-O 10. b4 Ng6 11. a4 Rde8 12. a5 Rxe1+ 13. Qxe1 Re8 14. Qd1 Nh4 15. a6 b6 16. Ba3 Re6 17. Bb5 Rg6 18. Bxc6 Qxc6 19. b5 Qxc3 20. Bxd6 Nxf3+ 21.
Nxf3 Bxf3 22. Qc1 Rxg2+ 23. Kf1 Qd3+ 24. Ke1 Qe2# 0-1

[Event "*** MasterClass Titled Tuesday Blitz"]
[Site "Chess.com"]
[Date "2017.07.04"]
[Round "1"]
[White "Abrito99"]
[Black "Keranke"]
[Result "0-1"]
[WhiteElo "2309"]
[BlackElo "2634"]
[TimeControl "180+2"]
[EndTime "13:06:24 PDT"]
[Termination "Keranke won by resignation"]

1. e4 g6 2. Nf3 Bg7 3. d4 d6 4. Nc3 a6 5. a4 Nf6 6. h3 O-O 7. Be2 Nc6 8. O-O e5 9. Be3 exd4 10. Nxd4 Bd7 11. Re1 Re8 12. Bd3 Ne5 13. Bf1 c5 14. Nb3 Bc6 15. Bg5 h6 16. Bh4 g5 17. Bg3 Qc7 18. Qd2 Rad8 19. f4 Nh5 20. Bh2 Nxf4 21. Bxf4 gxf4 22. Qxf4 c4 23. Nd2 Qb6+ 24. Kh1 Qxb2 25.
Nd5 Ng6 26. Qf3 Bxd5 27. exd5 Qxc2 28. Rxe8+ Rxe8 29. Rd1 Ne5 30. Qe3 Qxd1 0-1

[Event "*** MasterClass Titled Tuesday Blitz"]
[Site "Chess.com"]
[Date "2017.07.04"]
[Round "1"]
[White "PulpanJ"]
[Black "vovkcoach"]
[Result "0-1"]
[WhiteElo "2246"]
[BlackElo "2533"]
[TimeControl "180+2"]
[EndTime "13:06:29 PDT"]
[Termination "vovkcoach won by resignation"]

1. d4 Nf6 2. Bf4 g6 3. Nf3 Bg7 4. h3 O-O 5. e3 d6 6. Be2 c5 7.
Nbd2 cxd4 8. exd4 b6 9. O-O Bb7 10. Re1 Nbd7 11. c3 Nh5 12. Bh2 Bh6 13. a4 a6 14. Bd3 Nf4 15. Be4 Bxe4 16. Nxe4 d5 17. Ng3 e6 18. Ne2 Qf6 19. Nxf4 Bxf4 20. Bxf4 Qxf4 21.
Ne5 Nxe5 22. Rxe5 b5 23. Re1 b4 24. cxb4 Rfb8 25. b5 axb5 26. a5 b4 27. Re3 Rb5 28. a6 Rb6 29. a7 Rb7 30. Qd2 Rbxa7 31. Rxa7 Rxa7 32. Qxb4 Ra1+ 33. Re1 Rxe1+ 34. Qxe1 Qxd4 35.
b4 Qb2 36. h4 h5 37. Kh2 d4 38. g3 d3 39. Kg2 d2 40. Qd1 Qxb4 41. Kf1 Qc4+ 0-1

[Event "*** MasterClass Titled Tuesday Blitz"]
[Site "Chess.com"]
[Date "2017.07.04"]
[Round "1"]
[White "JammyDodger91"]
[Black "scrapnel"]
[Result "0-1"]
[WhiteElo "2288"]
[BlackElo "2560"]
[TimeControl "180+2"]
[EndTime "13:06:39 PDT"]
[Termination "scrapnel won by resignation"]

1. e4 c6 2. d4 d5 3. e5 Bf5 4. Nf3 e6 5. Be2 Ne7 6. Be3 Bg6 7.
Nbd2 Nf5 8. Nb3 Nd7 9. a4 a6 10. Bd2 c5 11. c3 Be7 12. O-O c4 13. Nc1 O-O 14. Kh1 b5 15. b4 cxb3 16. Nxb3 Qb6 17. g4 Nh4 18. Nxh4 Bxh4 19. f4 bxa4 20. Rxa4 Rfb8 21. Rb4 Be4+ 22. Bf3 Bxf3+ 23. Rxf3 Qc7 24. Rxb8+ Rxb8 25. g5 Qc4 26. Nc1 Nf8 27. Nd3 Ng6 28.
Nb4 a5 29. Nc2 Qa2 30. Ne3 Rb1 31. Bc1 Qa1 32. Rf1 Nxf4 33. Nf5 exf5 0-1

[Event "*** MasterClass Titled Tuesday Blitz"]
[Site "Chess.com"]
[Date "2017.07.04"]
[Round "1"]
[White "CraiggoryC"]
[Black "grzechu96"]
[Result "0-1"]
[WhiteElo "2043"]
[BlackElo "2406"]
[TimeControl "180+2"]
[EndTime "13:06:39 PDT"]
[Termination "grzechu96 won by resignation"]

1. e4 c5 2. Nf3 d6 3. d4 cxd4 4.
Nxd4 Nf6 5. Nc3 a6 6. Be3 e6 7.
g4 b5 8. g5 Nfd7 9. f4 Bb7 10.
Bg2 Nb6 11. b3 N8d7 12. O-O Rc8 13. Qd2 Be7 14. f5 e5 15. Ne6 fxe6 16. fxe6 Nf8 17.
Nd5 Nxd5 18. exd5 Ng6 19. Be4 Nf4 20. Bxf4 exf4 21. Qxf4 Qb6+ 22. Kh1 Kd8 23. Qf7 Qd4 24. Rae1 Bxd5 25. Rf4 Rxc2 26. Ref1 Bxe4+ 0-1

[Event "*** MasterClass Titled Tuesday Blitz"]
[Site "Chess.com"]
[Date "2017.07.04"]
[Round "1"]
[White "Fy_Rakotomaharo"]
[Black "gena217"]
[Result "0-1"]
[WhiteElo "2345"]
[BlackElo "2162"]
[TimeControl "180+2"]
[EndTime "13:06:50 PDT"]
[Termination "gena217 won by resignation"]

1. e4 c5 2. Nf3 d6 3. d4 cxd4 4. Nxd4 Nf6 5. Nc3 a6 6. Bg5 e6 7.
f4 h6 8. Bh4 Qb6 9. a3 Be7 10.
Bf2 Qc7 11. Qd2 Nc6 12. Be2 O-O 13. O-O-O e5 14. Nxc6 bxc6 15. f5 d5 16. exd5 cxd5 17.
Nxd5 Nxd5 18. Qxd5 Bxf5 19. Qc4 Rfc8 20. Qxc7 Rxc7 21.
c4 Bg5+ 22. Rd2 Rd8 23. Rd1 Rcd7 24. Be1 a5 25. b3 Rd4 26. g3 g6 27. b4 axb4 28.
axb4 Be3 29. b5 Kg7 30. c5 Rb4 0-1

[Event "*** MasterClass Titled Tuesday Blitz"]
[Site "Chess.com"]
[Date "2017.07.04"]
[Round "1"]
[White "ruvat"]
[Black "A-Fier"]
[Result "0-1"]
[WhiteElo "2270"]
[BlackElo "2544"]
[TimeControl "180+2"]
[EndTime "13:06:56 PDT"]
[Termination "A-Fier won by resignation"]

1. d4 Nf6 2. c4 g6 3. Nf3 Bg7 4.
g3 O-O 5. Bg2 c5 6. Nc3 cxd4 7.
Nxd4 Qc7 8. b3 d5 9. Ncb5 Qd8 10. cxd5 Nxd5 11. Bb2 a6 12. Nc3 Nxc3 13. Bxc3 Qb6 14. e3 Rd8 15. Qc2 e5 16. Ne2 Bf5 17. e4 Be6 18.
O-O Nc6 19. Rac1 Rac8 20. Qb2 Nd4 21. Bxd4 exd4 22. Nf4 Bd7 23. Nd3 Bb5 24. Rfd1 Rc3 25. Bf1 Qc6 26. a4 Bxd3 27. Bxd3 Rc8 28. Rb1 h5 29. Qe2 h4 30. gxh4 Qf6 31. Qg4 R8c5 32. f4 Bh6 33. f5 Kh8 34. Kh1 gxf5 35. exf5 Rc8 36. Rb2 Rg8 37. Qh5 Qg7 38. b4 Rxd3 0-1

[Event "*** MasterClass Titled Tuesday Blitz"]
[Site "Chess.com"]
[Date "2017.07.04"]
[Round "1"]
[White "GM_dmitrij"]
[Black "stefanodinn"]
[Result "1-0"]
[WhiteElo "2511"]
[BlackElo "2252"]
[TimeControl "180+2"]
[EndTime "13:07:00 PDT"]
[Termination "GM_dmitrij won by resignation"]

1. e4 e5 2. Nf3 Nc6 3. Bb5 a6 4. Ba4 Nf6 5. O-O Be7 6. d3 b5 7.
Bb3 O-O 8. Nc3 d6 9. a3 Bg4 10. Be3 Nd4 11. Bxd4 exd4 12. Nd5 c5 13. h3 Be6 14.
Nxf6+ Bxf6 15. Bxe6 fxe6 16. Qe2 Be7 17. a4 Qd7 18. b3 Rfc8 19. Nd2 Bf8 20. Ra2 d5 21.
Rfa1 b4 22. Re1 Re8 23. Raa1 Rac8 24. Qg4 Qf7 25. Re2 Bd6 26. Rae1 Qf4 27. Qxf4 Bxf4 28.
Nf3 Red8 29. g3 Bd6 30. Ng5 dxe4 31. Rxe4 e5 32. Nf3 Re8 33. Nxe5 1-0

[Event "*** MasterClass Titled Tuesday Blitz"]
[Site "Chess.com"]
[Date "2017.07.04"]
[Round "1"]
[White "Elshan1985"]
[Black "Aragon"]
[Result "1-0"]
[WhiteElo "2655"]
[BlackElo "2320"]
[TimeControl "180+2"]
[EndTime "13:07:03 PDT"]
[Termination "Elshan1985 won by resignation"]

1. d4 d5 2. c4 e6 3. Nf3 c6 4. Nbd2 Nf6 5. g3 b5 6. c5 g6 7. Bg2 Nbd7 8. O-O Bg7 9. Qc2 O-O 10. e4 Ne8 11. Re1 Nc7 12. e5 Re8 13. Nf1 f6 14. exf6 Bxf6 15. Bf4 a5 16. h4 Ra7 17.
N1h2 Bg7 18. Ng4 Qe7 19. Re2 Qf8 20. Bd6 Qf5 21. Nge5 Qxc2 22. Rxc2 Nxe5 23. Nxe5 Bxe5 24. Bxe5 Na6 25. Re2 Nb4 26. Rd2 Bb7 27. a3 Na6 28. Re1 Bc8 29. Bh3 Kf7 30. Rd3 b4 31. Rf3+ Kg8 32.
Bd6 Rf7 33. Rfe3 Rf6 34. f4 Bd7 35. g4 Nb8 36. g5 Rf7 37. axb4 axb4 38. Ra1 Bc8 1-0

[Event "*** MasterClass Titled Tuesday Blitz"]
[Site "Chess.com"]
[Date "2017.07.04"]
[Round "1"]
[White "maciek_92"]
[Black "catalin009"]
[Result "1-0"]
[WhiteElo "2551"]
[BlackElo "2277"]
[TimeControl "180+2"]
[EndTime "13:07:11 PDT"]
[Termination "maciek_92 won by checkmate"]

1. c4 Nf6 2. Nc3 e6 3. Nf3 d5 4. e3 Bd6 5. b3 O-O 6. Bb2 Nbd7 7.
Qc2 c6 8. d4 Qe7 9. Be2 dxc4 10. bxc4 e5 11. O-O Re8 12. Rfe1 b6 13. Rad1 Bb7 14.
Nh4 g6 15. Nf3 Rad8 16. Bf1 a6 17. h3 b5 18. a4 b4 19. Ne4 Nxe4 20. Qxe4 a5 21.
c5 Bc7 22. Bc4 Nf6 23. Qh4 e4 24. Ng5 h5 25. Nxf7 Kg7 26. Nxd8 Rxd8 27. f4 exf3 28.
gxf3 Bc8 29. d5 Be5 30. d6 Qe8 31. Bd4 Bf5 32. f4 Bxd4 33. exd4 Ne4 34. Bd3 Rd7 35. Re3 b3 36. Bxe4 Bxe4 37. Rxb3 Bd5 38. Re1 Qf7 39. Rbe3 Qf5 40. Re7+ Kg8 41. Re8+ Kg7 42. R1e7+ Rxe7 43. Qxe7+ Bf7 44. Qf8+ Kf6 45. Qh8# 1-0

[Event "*** MasterClass Titled Tuesday Blitz"]
[Site "Chess.com"]
[Date "2017.07.04"]
[Round "1"]
[White "joppie2"]
[Black "Saitama_Hero"]
[Result "1-0"]
[WhiteElo "2520"]
[BlackElo "2255"]
[TimeControl "180+2"]
[EndTime "13:07:20 PDT"]
[Termination "joppie2 won by resignation"]

1. e4 d6 2. d4 g6 3. Nc3 Bg7 4. h4 Nf6 5. Be2 O-O 6. h5 c5 7. d5 e6 8. hxg6 fxg6 9. Bg5 Qa5 10. Qd2 exd5 11. exd5 Na6 12. Nh3 Bf5 13. Nf4 Nb4 14.
Rc1 Rae8 15. O-O h6 16. Bxf6 Bxf6 17. Ne6 Bxe6 18. dxe6 Bg5 19. f4 Bf6 20. Bc4 Kg7 21.
Nd5 Bd4+ 22. Kh1 Rf5 23. g4 Rxd5 24. Bxd5 Qd8 25. Bb3 Qh4+ 26. Qh2 Qxg4 27. c3 d5 28. cxd4 Rxe6 29. f5 Re2 30. f6+ Kf7 31. Qc7+ 1-0